 Dungeon Crawl Stone Soup version 0.31-a0-214-gb37851dbb3 (webtiles) character file.

Game seed: 3378559361216911979

91 innerfire43 the Trooper (level 4, -1/37 HPs)
             Began as a Demonspawn Monk on July 1, 2023.
             Was a Priest of Qazlal.
             Slain by Crazy Yiuf
             ... wielding a +2 quarterstaff of chaos
              (8 damage)
             ... on level 2 of the Dungeon.
             The game lasted 00:02:14 (2082 turns).

innerfire43 the Trooper (Demonspawn Monk)           Turns: 2082, Time: 00:02:15

Health: -1/37      AC:  2    Str: 13    XL:     4   Next: 33%
Magic:  4/4        EV: 13    Int: 12    God:    Qazlal [***...]
Gold:   50         SH:  4    Dex: 15    Spells: 3/3 levels left

rFire   . . .        a - +0 hand axe
rCold   . . .        d - orb {light}
rNeg    . . .        b - +0 robe
rPois   .            (no helmet)
rElec   .            (no cloak)
rCorr   .            (no gloves)
SInv    .            (no boots)
Will    .....        (no amulet)
Stlth   +            (no ring)
HPRegen 0.26/turn    (no ring)
MPRegen 0.09/turn

%: no passive effects
@: glowing
A: demonic guardian 1, ignite blood 1
a: Renounce Religion, Upheaval, Elemental Force


You were on level 2 of the Dungeon.
You worshipped Qazlal.
Qazlal was most pleased with you.
You visited 1 branch of the dungeon, and saw 2 of its levels.

You collected 50 gold pieces.

Inventory:

Hand Weapons
 a - a +0 hand axe (weapon)
Missiles
 e - 2 silver javelins
Armour
 b - a +0 robe (worn)
 d - an orb of light (worn)
Scrolls
 f - a scroll of immolation
 k - a scroll of summoning
 l - a scroll of identify
Potions
 c - a potion of ambrosia
 g - a potion of brilliance {unknown}
 h - 2 potions of degeneration
 i - 2 potions of cancellation {unknown}
 j - a potion of lignification {unknown}


   Skills:
 + Level 3.9 Fighting
 + Level 3.4 Axes
 + Level 3.4 Dodging


You had 3 spell levels left.
You didn't know any spells.
Your spell library was empty.

Dungeon Overview and Level Annotations

Branches:
Dungeon (2/15)

Altars:
Qazlal

Shops:
D:1 (*:

Annotations:
D:2 Crazy Yiuf


Innate Abilities, Weirdness & Mutations

A weak demonic guardian rushes to your aid.
Your demonic aura sometimes causes spilled blood to erupt in flames.


Message History

The quokka misses you.
You hit the quokka.
You kill the quokka!
Qazlal accepts your kill.
Things that are here:
a +0 dagger of freezing; a +0 robe You hear an angry hiss.
An adder comes into view.
An adder is nearby!
An adder is nearby!
Found a stone staircase leading down.
You hit the adder but do no damage. You block the adder's attack.
The adder misses you.
You closely miss the adder. The adder barely misses you.
You hit the adder.
The adder is severely wounded.
The adder bites you.
A demonic guardian appears!
The adder misses you.
You hit the adder.
You kill the adder!
Qazlal accepts your kill.
No target in view!
You see here an adder corpse.
Your quasit disappears in a puff of smoke!
You see here an adder corpse.
You see here a +0 ring mail.
Found a stone staircase leading up.
Crazy Yiuf shouts!
No reachable target in view!
Could not explore, unopened runed door.
No reachable target in view!
You open the door. You hit Crazy Yiuf.
Crazy Yiuf is moderately wounded.
Crazy Yiuf hits you with a +2 quarterstaff of chaos!
A demonic guardian appears!
You convulse!
* * * LOW HITPOINT WARNING * * *
You hit Crazy Yiuf.
Crazy Yiuf is heavily wounded.
Crazy Yiuf hits you with a +2 quarterstaff of chaos!
You die...

#.......############...
#.......# #... ###.##### #.##
### #.# #.# ###### ♣♣♣♣♣###
#.# #....# ### ♣♣♣.♣....## #.#
#.#### #...#♣..♣......## #.#
#.# #..5g@♣♣♣♣......###.## #.#
#)..#♣♣ ♣♣.........). #.# ###
♣♣##...##.#. #.# ###.##.#. #.#
#....#.#.
##.###################)####.#.
#.............#'#....#.####.#.
######........#.#...<.......#.
########.#.#..#..#######.


You could see Crazy Yiuf (ally target) and a friendly iron imp (summoned).

Vanquished Creatures
  2 adders (D:2)
  2 adder zombies (D:2)
  5 ball pythons
  2 bat zombies (D:2)
  2 endoplasms
  2 goblins
  3 hobgoblins
  3 quokkas
  4 bats
  2 frilled lizards
  2 giant cockroach zombies (D:2)
  4 kobolds
  6 rats
39 creatures vanquished.

Vanquished Creatures (collateral kills)
  Jessica (D:2)
  A hobgoblin (D:2)
2 creatures vanquished.

Grand Total: 41 creatures vanquished

Notes
Turn   | Place    | Note
-------+----------+-------------------------------------------
     0 | D:1      | innerfire43 the Demonspawn Monk began the quest for the
                  | Orb.
     0 | D:1      | Reached XP level 1. HP: 18/18 MP: 1/1
   197 | D:1      | Found Fomneab's General Store.
   291 | D:1      | Found a faded altar of an unknown god.
   313 | D:1      | Prayed at the altar of an unknown god.
   313 | D:1      | Became a worshipper of Qazlal Stormbringer
   313 | D:1      | Reached * piety under Qazlal
   313 | D:1      | Reached ** piety under Qazlal
   484 | D:1      | Gained mutation: A weak demonic guardian rushes to your
                  | aid. [demonic ancestry]
   484 | D:1      | Reached XP level 2. HP: 10/24 MP: 2/2
   654 | D:1      | Found Jarit's Weapon Shop.
   847 | D:1      | Found Neboezoa's Book Shop.
   920 | D:2      | Reached *** piety under Qazlal
  1056 | D:2      | Reached XP level 3. HP: 27/29 MP: 3/3
  1138 | D:2      | Noticed Jessica
  1148 | D:2      | Killed Jessica
  1316 | D:2      | Found a runed translucent door.
  1317 | D:2      | Noticed Crazy Yiuf
  1516 | D:2      | Gained mutation: Your demonic aura sometimes causes spilled
                  | blood to erupt in flames. [demonic ancestry]
  1516 | D:2      | Reached XP level 4. HP: 16/37 MP: 4/4
  2082 | D:2      | Slain by Crazy Yiuf

Illustrated notes

Levels and vault maps discovered:
D:1:      elethiomel_arrival_infinity_welcomes_careful_drivers, layout_basic,
          shapermc_ecumenical_altar_mp_urbaneastern, serial_shops, shop,
          nicolae_shop_just_a_little_nook, nicolae_shop_behind_doors
D:2:      layout_basic, serial_undead, serial_undead_d, serial_undead_a,
          serial_undead_e, serial_undead_f, serial_undead_f, serial_undead_d,
          nicolae_concentric_dashed_squares_mild, uniq_crazy_yiuf_cottage,
          uniq_jessica

Skill      XL: |  1  2 |
---------------+-------+-----
Axes           | 3 |  3.4
Dodging        | 3 |  3.4
Fighting       | |  3.9

Action                     |  1- 3 |  4- 6 || total
---------------------------+-------+-------++-------
  Melee: Hand axe          |   133 |    17 ||   150
    Use: Scroll            |     3 |       ||     3
 Armour: Robe              |    22 |     2 ||    24
  Dodge: Dodged            |    72 |     8 ||    80
  Block: Orb               |    16 |     2 ||    18

Table legend: (Time is in decaauts)
 A = Elapsed time spent in this place.
 B = Non-inter-level travel time spent in this place.
 C = Inter-level travel time spent in this place.
 D = Time resting spent in this place.
 E = Time spent auto-exploring this place.
 F = Levels seen in this place.
 G = Mean time per level.
                   A        B        C        D        E       F      G
               +--------+--------+--------+--------+--------+-----+--------+
         Total |   2114 |   2061 |     53 |      0 |   1745 |   2 | 1057.0 |
       Dungeon |   2114 |   2061 |     53 |      0 |   1745 |   2 | 1057.0 |
               +--------+--------+--------+--------+--------+-----+--------+

Top non-repeatable levels by time:
     D:2: 1214 daAuts
     D:1: 900 daAuts
